 Dungeon Crawl Stone Soup version 0.28.0-47-ge53b351184 (webtiles) character file.

Game seed: 11854261285832848915

23420 Bruhh the Fighter (level 13, -5/105 HPs)
             Began as a Djinni Cinder Acolyte on Apr 27, 2022.
             Was a Priest of Ignis.
             Slain by an eight-headed hydra (9 damage)
             ... on level 4 of the Lair of Beasts.
             The game lasted 00:43:01 (26324 turns).

Bruhh the Fighter (Djinni Cinder Acolyte)          Turns: 26324, Time: 00:43:02

Health: -5/105     AC: 11    Str: 13    XL:     13   Next: 35%
Gold:   965        EV: 11    Int: 25    God:    Ignis [***...] SH:  0 Dex: 11

rFire   + + +      SeeInvis .     - Unarmed
rCold   x . .      Faith    .   (no shield)
rNeg    . . .      Spirit   .   v - +1 robe of the Apothecary {Int+2 Dex+4}
rPois   ∞          Reflect  .   (no helmet)
rElec   +          Harm     .   C - +2 cloak
rCorr   .          Rampage  .   (no gloves)
Will    ++...      Clarity  +   (boots unavailable)
Stlth   +.........              (no amulet)
HPRegen 0.27/turn               d - +4 ring of protection
MPRegen 0.00/turn               N - ring of willpower

@: flying, very slightly contaminated, unable to read
A: sickness immunity, fire resistance 3, cold vulnerability 1, float, innate
caster, HP casting, extra vitality 1, clarity, clever 1, clumsy 1, screaming 1,
electricity resistance, inability to read while threatened
a: Renounce Religion, Fiery Armour, Foxfire Swarm, Rising Flame


You were on level 4 of the Lair of Beasts.
You worshipped Ignis.
Ignis was most pleased with you.
You visited 2 branches of the dungeon, and saw 15 of its levels.
You also visited: Bailey.

You collected 965 gold pieces.

Inventory:

Hand Weapons
 M - the +7 spear of Summertime {flame, rN+ Dex+5}
   (You found it on level 9 of the Dungeon)

   It burns those it strikes, dealing additional fire damage.
   Dex:       It affects your dexterity (+5).
   rN:        It protects you from negative energy.
Missiles
 F - 2 throwing nets
Armour
 a - a +0 robe
 u - a +1 tower shield
 v - the +1 robe of the Apothecary (worn) {Int+2 Dex+4}
   (You found it on level 5 of the Dungeon)

   Int:       It affects your intelligence (+2).
   Dex:       It affects your dexterity (+4).
 y - +0 acid dragon scales
 C - a +2 cloak (worn)
Jewellery
 d - a +4 ring of protection (left hand)
 n - a ring of protection from cold
 r - a ring of protection from cold
 w - a ring of ice
 A - a ring of fire
 D - a ring of protection from cold
 H - a ring of willpower
 N - a ring of willpower (right hand)
Wands
 b - a wand of paralysis (6)
 q - a wand of flame (30)
 B - a wand of acid (13)
 G - a wand of iceblast (3)
Scrolls
 e - 2 scrolls of fear
 g - 4 scrolls of teleportation
 h - 3 scrolls of fog
 i - 2 scrolls of immolation
 j - 2 scrolls of magic mapping
 p - a scroll of noise {unknown}
 z - 2 scrolls of enchant weapon
 O - 4 scrolls of identify
 P - 2 scrolls of enchant armour
 Q - a scroll of summoning {unknown}
Potions
 c - 4 potions of flight
 f - a potion of attraction
 k - 2 potions of haste
 l - 2 potions of ambrosia
 m - a potion of brilliance
 o - a potion of berserk rage {unknown}
 s - 4 potions of heal wounds
 t - 4 potions of curing
 x - a potion of lignification
 E - 2 potions of degeneration
 I - a potion of mutation
 J - 2 potions of magic
 K - 2 potions of invisibility
 L - a potion of might


   Skills:
 - Level 14.0 Fighting
 - Level 11.0 Armour
 - Level 3.0 Unarmed Combat
 - Level 10.0 Spellcasting
 + Level 3.1 Evocations


You had 11 spell levels left.
You knew the following spells:

 Your Spells              Type           Power      Damage    Failure   Level
a - Scorch                Fire           100%       2d10      1%          2
b - Slow                  Hex            100%       N/A       1%          1
c - Wereblood             Tmut           58%        N/A       1%          2
d - Searing Ray           Conj           100%       2d8       1%          2
e - Animate Armour        Summ/Erth      100%       N/A       1%          4
f - Manifold Assault      Tloc           58%        N/A       2%          5
g - Irradiate             Conj/Tmut      29%        3d23      2%          5
Your spell library was empty.

Dungeon Overview and Level Annotations

Branches:
Dungeon (11/15)            Temple (0/1) D:7            Lair (4/6) D:10
 Shoals (0/4) Lair:2        Snake (0/4) Lair:3       Bailey (visited)
    Orc: D:9-12

Altars:
Ashenzari
Dithmenos
Elyvilon
Nemelex Xobeh
Qazlal
Sif Muna
Uskayaw
Xom
Beogh

Shops:
D:4 !   D:11 (

Annotations:
D:9 1 runed translucent door


Innate Abilities, Weirdness & Mutations

You are immune to sickness and miasma.
You are immune to poison.
Your flesh is almost immune to the effects of heat. (rF+++)
You are vulnerable to cold. (rC-)
You float through the air rather than walking.
You learn spells naturally, not from books.
Your magical power is your life essence.
You have superior vitality. (+4 MHP)
You possess an exceptional clarity of mind.
Your mind is acute. (Int +2)
You are clumsy. (Dex -2)
You occasionally shout uncontrollably at your foes.
You are resistant to electric shocks. (rElec)
You sometimes lose the ability to read scrolls when taking damage.


Message History

The eight-headed hydra bites you but does no damage. x2
Casting: Irradiate (dangerous; 2% risk of failure)
Confirm with . or Enter, or press ? or * to list all spells.
You erupt in a fountain of uncontrolled magic!
The eight-headed hydra is blasted with magical radiation!!
The eight-headed hydra is moderately wounded.
The eight-headed hydra twists and deforms.
* * * LOW HITPOINT WARNING * * *
The eight-headed hydra bites you but does no damage. x2
The eight-headed hydra bites you!
* * * LOW HITPOINT WARNING * * *
The eight-headed hydra bites you but does no damage.
The eight-headed hydra barely misses you.
The eight-headed hydra bites you.
* * * LOW HITPOINT WARNING * * *
The eight-headed hydra bites you.
* * * LOW HITPOINT WARNING * * *
The eight-headed hydra bites you.
* * * LOW HITPOINT WARNING * * *
You feel much better.
The eight-headed hydra seems to return to its normal shape.
The eight-headed hydra closely misses you.
The eight-headed hydra barely misses you.
The eight-headed hydra bites you. x2; The eight-headed hydra bites you!
* * * LOW HITPOINT WARNING * * *
The eight-headed hydra misses you. The eight-headed hydra bites you!
You feel threatened and lose the ability to read scrolls!
* * * LOW HITPOINT WARNING * * *
The eight-headed hydra bites you but does no damage.
You can read scrolls again.
The eight-headed hydra bites you but does no damage.
The eight-headed hydra bites you!
You feel threatened and lose the ability to read scrolls!
* * * LOW HITPOINT WARNING * * *
The eight-headed hydra bites you but does no damage.
The eight-headed hydra bites you.
* * * LOW HITPOINT WARNING * * *
The eight-headed hydra closely misses you.
The eight-headed hydra misses you. The eight-headed hydra bites you!
You die...

.......P.....##.#...##....##
#..................#.###....#
####...PP.....P..#.#.............
.##.#...P.#....P.##########....##
.......## #......# #..#.##
........####.....# ##.....
.#.#.#.###.....#.### ##.#.#.
##.....###..#.#..#.# #P...##
.#.###..##.####.@.## ##...#.
#..###.###.####D.## #P.#.†.
#..##...##.##.⌠.## #P...##
.................## ####....#
#....###.P##⌠.>.⌠.# ##.##...##
...### #.###.....## #.......#.
...## ### ##...## #>.#.....P
#...###### ##..#.# #.####........
..##.....###.....###.....##....P#


You could see an eight-headed hydra.

Vanquished Creatures
  3 hydras
  Harold (D:7)
  A two-headed ogre (D:11)
  A catoblepas (Lair:3)
  Urug (Lair:1)
  Pikel (D:4)
  9 elephants
  3 black mambas
  2 centaur zombies (D:10)
  9 cane toads
  A komodo dragon (Lair:3)
  A kobold demonologist (D:11)
  Grinder (D:5)
  A shadow (D:10)
  4 wraiths
  12 yaks
  2 wyverns (D:9)
  3 basilisks
  A vampire mosquito (D:8)
  A naga (Lair:3)
  An acid dragon (D:11)
  Duvessa (D:5)
  13 water moccasins
  2 hornet zombies (D:8)
  An ice beast (D:5)
  3 orc warriors
  2 sky beasts (D:5)
  2 necrophages
  4 ogres
  11 wolves
  6 centaurs
  A phantom (D:5)
  10 bullfrogs
  A wyvern zombie (D:6)
  12 scorpions
  2 water moccasin zombies (D:5)
  A wyvern skeleton (D:7)
  Dowan (D:5)
  A water moccasin skeleton (D:4)
  3 howler monkeys
  3 bullfrog zombies (D:5)
  5 orc priests
  7 hounds
  3 gnoll shamans
  4 jellies
  Crazy Yiuf (D:5)
  7 iguanas
  6 orc wizards
  A scorpion zombie (D:2)
  A howler monkey zombie (D:4)
  5 adders
  21 gnolls
  A shadow imp (D:7)
  An ufetubus (D:7)
  3 worms
  A dart slug (D:1)
  36 orcs
  3 bats
  A bat skeleton (D:2)
  A bat zombie (D:2)
  4 endoplasms
  6 giant cockroaches
  8 goblins
  5 hobgoblins
  10 jackals
  6 kobolds
  A quokka (D:3)
  3 ball pythons
  A ball python skeleton (D:2)
  2 frilled lizards (D:2)
  A jackal skeleton (D:2)
  A quokka skeleton (D:2)
  2 quokka zombies (D:2)
  3 rats
300 creatures vanquished.

Vanquished Creatures (collateral kills)
  2 gnolls
  2 orcs (D:8)
  A giant cockroach (D:9)
  2 foxfires (Lair:2)
7 creatures vanquished.

Vanquished Creatures (others)
  75 foxfires
  14 fungi
  20 plants
  A withered plant (D:2)
110 creatures vanquished.

Grand Total: 417 creatures vanquished

Notes
Turn   | Place    | Note
-------+----------+-------------------------------------------
     0 | D:1      | Bruhh the Djinni Cinder Acolyte began the quest for the
                  | Orb.
     0 | D:1      | Reached XP level 1. HP: 20/20 MP: 0/0
    73 | D:1      | Reached XP level 2. HP: 12/25 MP: 0/0
  1013 | D:1      | Reached XP level 3. HP: 25/30 MP: 0/0
  1013 | D:1      | Learned a level 1 spell: Slow
  1341 | D:2      | Reached XP level 4. HP: 8/35 MP: 0/0
  2361 | D:2      | Found a faded altar of an unknown god.
  2480 | D:2      | Reached XP level 5. HP: 18/40 MP: 0/0
  2480 | D:2      | Learned a level 2 spell: Wereblood
  4128 | D:3      | Found a stormy altar of Qazlal.
  4408 | D:4      | Found Anlaat's Distillery.
  4443 | D:4      | Reached skill level 5 in Spellcasting
  4443 | D:4      | Reached XP level 6. HP: 38/46 MP: 0/0
  4563 | D:4      | Noticed an ogre
  4566 | D:4      | Killed an ogre
  4766 | D:4      | Reached XP level 7. HP: 29/50 MP: 0/0
  4766 | D:4      | Learned a level 2 spell: Searing Ray
  5119 | D:4      | Noticed Pikel
  5144 | D:4      | Killed Pikel
  5145 | D:4      | Reached XP level 8. HP: 18/56 MP: 0/0
  5740 | D:5      | Entered Level 5 of the Dungeon
  5919 | D:5      | Identified the +1 robe of the Apothecary {Int+2 Dex+4}
  6052 | D:5      | Noticed Grinder
  6056 | D:5      | Paralysed by Grinder for 3 turns
  6061 | D:5      | Killed Grinder
  6291 | D:5      | Reached XP level 9. HP: 47/60 MP: 0/0
  6291 | D:5      | Learned a level 4 spell: Animate Armour
  6374 | D:5      | Noticed Duvessa
  6383 | D:5      | Killed Duvessa
  6384 | D:5      | Noticed Dowan
  6392 | D:5      | Killed Dowan
  6603 | D:5      | Found a white marble altar of Elyvilon.
  7471 | D:5      | Reached skill level 10 in Spellcasting
  7595 | D:5      | Reached skill level 4 in Fighting
  8041 | D:5      | Reached XP level 10. HP: 57/69 MP: 0/0
  8215 | D:5      | Reached skill level 5 in Fighting
  8407 | D:5      | Found a runed translucent door.
  8408 | D:5      | Noticed Crazy Yiuf
  8423 | D:5      | Killed Crazy Yiuf
  8760 | D:6      | Reached skill level 6 in Fighting
  9734 | D:7      | Reached skill level 7 in Fighting
  9987 | D:7      | Found a staircase to the Ecumenical Temple.
 10303 | D:7      | Noticed Harold
 10314 | D:7      | Killed Harold
 10315 | D:7      | Reached skill level 8 in Fighting
 10465 | D:7      | Found a shadowy altar of Dithmenos.
 11297 | D:8      | Reached skill level 9 in Fighting
 11635 | D:8      | HP: 3/78 [orc warrior/+0 dire flail (3)]
 12691 | D:8      | Found a sparkling altar of Nemelex Xobeh.
 13284 | D:9      | Found a hide-covered altar of Uskayaw.
 13430 | D:9      | Reached skill level 10 in Fighting
 13434 | D:9      | Reached XP level 11. HP: 66/85 MP: 0/0
 13434 | D:9      | Learned a level 5 spell: Manifold Assault
 13579 | D:9      | Found a broken altar of Ashenzari.
 13585 | D:9      | Found a flagged portal.
 13750 | Bailey   | Entered a bailey
 14477 | D:9      | Identified the +7 spear of Summertime {flame, rN+ Dex+5}
 14830 | D:9      | Found a shimmering altar of Xom.
 14915 | D:9      | Found a runed translucent door.
 15092 | D:9      | Found a runed translucent door.
 15587 | D:9      | Reached skill level 11 in Fighting
 16295 | D:10     | Entered Level 10 of the Dungeon
 16413 | D:10     | Reached skill level 12 in Fighting
 16717 | D:10     | Found a staircase to the Lair.
 17132 | D:10     | Gained mutation: You possess an exceptional clarity of
                  | mind. [potion of mutation]
 17132 | D:10     | Gained mutation: You are resistant to electric shocks.
                  | (rElec) [potion of mutation]
 17132 | D:10     | Gained mutation: You have hidden genetic potential. [potion
                  | of mutation]
 17284 | D:11     | Noticed a two-headed ogre
 17284 | D:11     | Found Wooclefa's Antique Weapon Shop.
 17290 | D:11     | Killed a two-headed ogre
 17369 | D:11     | Noticed a death knight
 17807 | D:11     | Noticed a phantasmal warrior
 18412 | Lair:1   | Entered Level 1 of the Lair of Beasts
 18531 | Lair:1   | Reached skill level 13 in Fighting
 18692 | Lair:1   | Noticed Urug
 18703 | Lair:1   | Killed Urug
 19350 | Lair:1   | Reached XP level 12. HP: 79/99 MP: 0/0
 20157 | Lair:2   | Reached skill level 14 in Fighting
 20181 | Lair:2   | Reached skill level 1 in Armour
 20839 | Lair:2   | Noticed a four-headed hydra
 20937 | Lair:2   | Gained mutation: Your mind is acute. (Int +2) [hidden
                  | potential]
 20967 | Lair:1   | Reached skill level 5 in Armour
 21586 | Lair:2   | HP: 4/100 [elephant (2)]
 23104 | Lair:2   | Found a staircase to the Shoals.
 23380 | Lair:3   | HP: 2/100 [komodo dragon (28)]
 24140 | Lair:3   | Noticed a six-headed hydra
 24264 | Lair:3   | Noticed a catoblepas
 24289 | Lair:3   | Killed a catoblepas
 24835 | Lair:3   | Found a staircase to the Snake Pit.
 25103 | Lair:3   | Killed a six-headed hydra
 25104 | Lair:3   | Reached XP level 13. HP: 93/105 MP: 0/0
 25104 | Lair:3   | Learned a level 5 spell: Irradiate
 25221 | Lair:3   | Gained mutation: You sometimes lose the ability to read
                  | scrolls when taking damage. [mutagenic glow]
 25346 | Lair:3   | Reached skill level 10 in Armour
 25351 | Lair:3   | Gained mutation: You occasionally shout uncontrollably at
                  | your foes. [mutagenic glow]
 25374 | Lair:3   | Gained mutation: You are clumsy. (Dex -2) [mutagenic glow]
 25823 | Lair:4   | Gained mutation: Your flesh is almost immune to the effects
                  | of heat. (rF+++) [hidden potential]
 25823 | Lair:4   | Lost mutation: You have hidden genetic potential. [hidden
                  | potential expressed]
 25882 | Lair:4   | Noticed a five-headed hydra
 25887 | Lair:4   | Killed a five-headed hydra
 25976 | Lair:4   | Reached skill level 1 in Evocations
 26277 | Lair:4   | Noticed a five-headed hydra
 26282 | Lair:4   | Killed a five-headed hydra
 26282 | Lair:4   | Noticed an eight-headed hydra
 26324 | Lair:4   | HP: 4/105 [eight-headed hydra (4)]
 26324 | Lair:4   | Slain by an eight-headed hydra

Illustrated notes

Levels and vault maps discovered:
D:1:      tarquinn_simple_flora_water_a, layout_rooms, serial_forest,
          infiniplex_forest_end_1, infiniplex_forest_end_2,
          infiniplex_forest_clump_small, infiniplex_forest_lined_3,
          infiniplex_forest_clump_cross, infiniplex_forest_clump_double,
          minmay_statues_item
D:2:      layout_basic, basic_ecumenical_altar, serial_undead, serial_undead_b,
          serial_undead_d, serial_undead_c, serial_undead_d
D:3:      layout_basic, mainiacjoe_overflow_alcove_4,
          chequers_serial_rivers_micro_c, hangedman_decor_diamond_cutter,
          nicolae_elevator_lobby_asterisk
D:4:      layout_basic, nicolae_take_the_stairs, uniq_pikel
D:5:      minmay_razor_zed, layout_layer_cave, elyvilon_altar_1, minmay_bent,
          uniq_grinder, uniq_crazy_yiuf_cottage, uniq_duvessa
D:6:      layout_loops_corners
D:7:      layout_basic, nicolae_dithmenos_through_a_glass_darkly,
          mainiacjoe_overflow_brackets, minmay_temple_entry_tees,
          hellmonk_bongcloud_opening, minivault_11, uniq_harold
D:8:      layout_loops_ring, nemelex_spade_bored_becter, special_room
          [special_room_orc]
D:9:      lemuel_insect_pit, layout_layer_cave, old_standard_altar,
          mainiacjoe_overflow_catch_the_wave, enter_bailey_2
D:10:     layout_rooms, lair_entry_dummy
D:11:     layout_roguey, david_orc_2, serial_shops, nicolae_shop_waterfront,
          minmay_misc_feat_roman, uniq_grum, uniq_nergalle
Lair:1:   layout_regular_city, hibernation_bobbens, uniq_urug
Lair:2:   layout_gridlike, elwin_shoals_entry_rooms
Lair:3:   layout_cave_pods, guppyfry_snake_entry_garden, lemuel_fruit_tree,
          lemuel_fruit_fields, lemuel_fruit_fields
Lair:4:   layout_loops_ring, bh_autumn_forest_stairs, grunt_megastairs_1

Skill      XL: |  1  2  3  4  5  6  7  8  9 10 11 12 13 |
---------------+----------------------------------------+-----
Spellcasting   | 3 4 5 7 8 10 | 10.0
Fighting       | 4 10 13 14 | 14.0
Armour         | 9 11 | 11.0
Evocations     | 3 |  3.1
Unarmed Combat | |  3.0

Action                   |  1- 3 |  4- 6 |  7- 9 | 10-12 | 13-15 || total
-------------------------+-------+-------+-------+-------+-------++-------
Melee: Unarmed           |    63 |     4 |     2 |    10 |     2 ||    81
       Punch             |     1 |       |       |       |       ||     1
 Cast: Scorch            |    13 |    74 |   112 |   486 |    16 ||   701
       Slow              |       |       |     2 |     7 |       ||     9
       Animate Armour    |       |       |     2 |    15 |       ||    17
       Manifold Assault  |       |       |       |     2 |       ||     2
       Irradiate         |       |       |       |       |    17 ||    17
Invok: Foxfire Swarm     |       |       |       |     4 |       ||     4
       Fiery Armour      |       |       |       |     2 |       ||     2
Evoke: Wand              |       |       |       |     1 |     3 ||     4
  Use: Potion            |       |       |       |    22 |     1 ||    23
       Scroll            |       |       |       |    13 |       ||    13
Armor: Robe              |    24 |    21 |    14 |   200 |    17 ||   276
Dodge: Dodged            |    40 |    29 |    17 |   235 |    24 ||   345
